[ AOE2 MATCH · #507115954 ]
UnrankedSlavs vs Celts
Player's team · WIN
Rival team · LOSS
[ REPLAY ANALYSIS · EXTRACTED FROM THE RECORDED GAME ]
Feudal
10:21
Castle
20:01
Imperial
—
| APM avg | 63.7 |
| APM peak | 89 |
| eAPM avg | 22.5 |
| Villagers / military | 36 / 24 |
Focus
⚔️ 38.6% · 🌾 61.4%
Archer ×12 · Skirmisher ×11 · Fishing Ship ×8 · Galley ×1
Feudal
10:35
Castle
—
Imperial
—
| APM avg | 127.7 |
| APM peak | 226 |
| eAPM avg | 76.1 |
| Villagers / military | 46 / 17 |
Focus
⚔️ 72.9% · 🌾 27.1%
Fishing Ship ×22 · Skirmisher ×6 · Archer ×5 · Militia ×3 · Demolition Raft ×2 · Galley ×1
Match map
Initial resources + every placement click. Lines = walls · curves = elevation contours. ◆ gold · ⬟ stone · ● berries · ✦ relic · ◌ wall gap
Your base· Open — unwalled flank
DS_StonePleaseAoE's base· Open — unwalled flank
Smoothed initial terrain · ◌ = detected wall gap · hover for details
Inputs per minute
— Gabi - - DS_StonePleaseAoE
Build order — Gabi
123 actions detected in the replay
| 0:00 | Create | Villager (Male) |
| 0:01 | Create | Villager (Male) |
| 0:02 | Build | House |
| 0:03 | Build | House |
| 0:31 | Create | Villager (Male) |
| 0:59 | Create | Villager (Male) |
| 1:26 | Build | Lumber Camp |
| 1:33 | Create | Villager (Male) |
| 1:50 | Create | Villager (Male) |
| 2:06 | Create | Villager (Male) |
| 2:54 | Create | Villager (Male) |
| 3:01 | Build | House |
| 3:09 | Create | Villager (Male) |
| 3:28 | Create | Villager (Male) |
| 3:47 | Build | Dock |
| 4:06 | Create | Villager (Male) |
| 4:27 | Create | Fishing Ship |
| 4:33 | Create | Villager (Male) |
| 4:36 | Build | Palisade Wall |
| 4:55 | Create | Villager (Male) |
| 5:04 | Build | House |
| 5:17 | Build | Palisade Wall |
| 5:23 | Create | Villager (Male) |
| 5:25 | Create | Fishing Ship |
| 5:33 | Create | Villager (Male) |
| 5:55 | Build | House |
| 6:00 | Create | Villager (Male) |
| 6:03 | Build | Palisade Wall |
| 6:04 | Build | Palisade Wall |
| 6:17 | Build | Palisade Wall |
| 6:30 | Build | Palisade Wall |
| 6:33 | Build | Palisade Wall |
| 6:37 | Build | Palisade Wall |
| 6:39 | Create | Villager (Male) |
| 6:43 | Create | Fishing Ship |
| 6:44 | Create | Villager (Male) |
| 6:57 | Build | Palisade Wall |
| 7:02 | Create | Villager (Male) |
| 7:09 | Build | Palisade Wall |
| 7:34 | Research | Loom |
| 7:45 | Create | Fishing Ship |
| 8:11 | Research | Feudal Age |
| 8:45 | Build | Mining Camp |
| 9:28 | Build | Barracks |
| 9:32 | Build | Palisade Wall |
| 9:34 | Build | Palisade Wall |
| 9:43 | Build | Palisade Wall |
| 9:45 | Build | Palisade Wall |
| 9:48 | Build | Palisade Wall |
| 9:49 | Build | Palisade Wall |
| 10:21 | Age | Feudal Age |
| 10:23 | Create | Villager (Male) |
| 10:30 | Build | Archery Range |
| 10:35 | Build | Watch Tower |
| 10:40 | Create | Villager (Male) |
| 10:45 | Build | Palisade Wall |
| 10:46 | Build | Palisade Wall |
| 10:48 | Build | Palisade Wall |
| 10:52 | Create | Villager (Male) |
| 10:53 | Research | Double-Bit Axe |
| 10:58 | Create | Fishing Ship |
| 11:07 | Research | Town Watch |
| 11:14 | Build | House |
| 11:16 | Create | Villager (Male) |
| 11:17 | Create | Archer |
| 11:17 | Create | Archer |
| 11:35 | Create | Villager (Male) |
| 11:44 | Create | Archer |
| 11:50 | Build | Palisade Wall |
| 12:02 | Create | Archer |
| 12:11 | Create | Villager (Male) |
| 12:18 | Build | Palisade Wall |
| 12:23 | Create | Archer |
| 12:35 | Create | Archer |
| 12:38 | Create | Villager (Male) |
| 12:41 | Build | Palisade Wall |
| 12:47 | Build | Archery Range |
| 12:48 | Create | Villager (Male) |
| 12:57 | Build | Blacksmith |
| 12:59 | Create | Fishing Ship |
| 13:19 | Create | Villager (Male) |
| 13:36 | Create | Villager (Male) |
| 13:38 | Create | Archer |
| 13:55 | Build | Mill |
| 13:59 | Build | House |
| 14:02 | Research | Fletching |
| 14:04 | Create | Archer |
| 14:05 | Create | Archer |
| 14:12 | Build | Dock |
| 14:24 | Create | Archer |
| 14:26 | Create | Villager (Male) |
| 14:30 | Create | Villager (Male) |
| 14:49 | Create | Archer |
| 14:51 | Create | Villager (Male) |
| 14:54 | Build | Market |
| 15:05 | Build | House |
| 15:07 | Create | Archer |
| 15:08 | Create | Villager (Male) |
| 15:17 | Create | Villager (Male) |
| 15:38 | Create | Villager (Male) |
| 15:41 | Build | Dock |
| 15:48 | Build | Archery Range |
| 16:00 | Create | Skirmisher |
| 16:01 | Create | Villager (Male) |
| 16:46 | Create | Skirmisher |
| 17:21 | Research | Castle Age |
| 17:28 | Create | Fishing Ship |
| 17:29 | Create | Fishing Ship |
| 17:50 | Create | Skirmisher |
| 17:50 | Create | Skirmisher |
| 18:10 | Create | Skirmisher |
| 18:19 | Build | Outpost |
| 18:33 | Build | Lumber Camp |
| 18:37 | Create | Skirmisher |
| 18:51 | Create | Skirmisher |
| 18:51 | Create | Skirmisher |
| 19:03 | Create | Skirmisher |
| 19:17 | Create | Galley |
| 19:28 | Create | Skirmisher |
| 19:45 | Create | Skirmisher |
| 19:49 | Build | House |
| 20:01 | Age | Castle Age |
| 20:04 | Research | Elite Skirmisher (upgrade) |
Build order — DS_StonePleaseAoE
141 actions detected in the replay
| 0:00 | Create | Villager (Male) |
| 0:00 | Create | Villager (Male) |
| 0:01 | Create | Villager (Male) |
| 0:02 | Build | House |
| 0:05 | Build | House |
| 0:50 | Create | Villager (Male) |
| 1:23 | Build | Barracks |
| 1:37 | Create | Villager (Male) |
| 2:08 | Create | Villager (Male) |
| 2:12 | Build | House |
| 2:34 | Create | Villager (Male) |
| 2:57 | Create | Villager (Male) |
| 3:07 | Create | Militia |
| 3:17 | Build | House |
| 3:22 | Create | Villager (Male) |
| 3:48 | Create | Villager (Male) |
| 3:54 | Create | Militia |
| 4:09 | Create | Villager (Male) |
| 4:21 | Create | Militia |
| 4:37 | Create | Villager (Male) |
| 5:03 | Create | Villager (Male) |
| 5:19 | Create | Villager (Male) |
| 5:40 | Build | Lumber Camp |
| 5:47 | Create | Villager (Male) |
| 6:00 | Create | Villager (Male) |
| 6:37 | Create | Villager (Male) |
| 6:52 | Build | House |
| 6:53 | Build | House |
| 6:55 | Research | Loom |
| 7:07 | Build | Dock |
| 7:33 | Create | Villager (Male) |
| 7:54 | Create | Fishing Ship |
| 7:57 | Create | Villager (Male) |
| 8:25 | Research | Feudal Age |
| 8:44 | Build | Outpost |
| 8:49 | Create | Fishing Ship |
| 9:05 | Build | Palisade Wall |
| 9:13 | Build | Palisade Wall |
| 9:24 | Build | Lumber Camp |
| 9:30 | Create | Fishing Ship |
| 9:46 | Build | Palisade Wall |
| 9:56 | Build | Mining Camp |
| 10:03 | Build | House |
| 10:19 | Create | Fishing Ship |
| 10:26 | Create | Villager (Male) |
| 10:35 | Age | Feudal Age |
| 10:56 | Create | Fishing Ship |
| 10:57 | Create | Villager (Male) |
| 10:58 | Research | Double-Bit Axe |
| 11:03 | Research | Man-at-Arms (upgrade) |
| 11:03 | Research | Man-at-Arms (upgrade) |
| 11:14 | Build | Archery Range |
| 11:22 | Build | Palisade Wall |
| 11:33 | Create | Villager (Male) |
| 11:34 | Create | Fishing Ship |
| 11:50 | Build | House |
| 11:55 | Build | Palisade Wall |
| 11:55 | Build | House |
| 12:02 | Create | Villager (Male) |
| 12:11 | Build | Watch Tower |
| 12:19 | Create | Villager (Male) |
| 12:33 | Create | Archer |
| 12:40 | Create | Villager (Male) |
| 12:53 | Build | Dock |
| 12:55 | Create | Villager (Male) |
| 12:56 | Create | Fishing Ship |
| 13:06 | Build | Palisade Wall |
| 13:06 | Build | Palisade Wall |
| 13:17 | Create | Villager (Male) |
| 13:18 | Build | Palisade Wall |
| 13:24 | Create | Villager (Male) |
| 13:30 | Build | Palisade Wall |
| 13:31 | Create | Villager (Male) |
| 13:39 | Create | Archer |
| 13:41 | Build | House |
| 13:52 | Build | Palisade Wall |
| 13:58 | Create | Villager (Male) |
| 13:58 | Create | Villager (Male) |
| 14:01 | Build | Palisade Wall |
| 14:24 | Create | Archer |
| 14:46 | Create | Villager (Male) |
| 14:47 | Create | Archer |
| 14:51 | Build | Blacksmith |
| 14:54 | Build | Palisade Wall |
| 14:56 | Build | Palisade Wall |
| 14:58 | Create | Fishing Ship |
| 15:03 | Create | Villager (Male) |
| 15:21 | Create | Fishing Ship |
| 15:36 | Create | Skirmisher |
| 15:41 | Create | Villager (Male) |
| 15:45 | Create | Demolition Raft |
| 15:45 | Create | Demolition Raft |
| 15:49 | Create | Fishing Ship |
| 15:49 | Create | Fishing Ship |
| 16:03 | Create | Villager (Male) |
| 16:04 | Build | Mill |
| 16:07 | Research | Fletching |
| 16:12 | Create | Archer |
| 16:13 | Create | Fishing Ship |
| 16:15 | Create | Villager (Male) |
| 16:16 | Build | House |
| 16:31 | Build | Dock |
| 16:37 | Create | Fishing Ship |
| 16:45 | Create | Villager (Male) |
| 16:52 | Create | Skirmisher |
| 16:58 | Build | Lumber Camp |
| 17:00 | Create | Villager (Male) |
| 17:14 | Create | Galley |
| 17:17 | Build | House |
| 17:19 | Create | Villager (Male) |
| 17:20 | Build | House |
| 17:35 | Create | Fishing Ship |
| 17:37 | Create | Fishing Ship |
| 17:46 | Create | Villager (Male) |
| 17:48 | Build | Market |
| 17:50 | Create | Skirmisher |
| 17:54 | Create | Fishing Ship |
| 17:54 | Create | Fishing Ship |
| 17:55 | Create | Fishing Ship |
| 18:02 | Research | Padded Archer Armor |
| 18:04 | Create | Villager (Male) |
| 18:06 | Build | House |
| 18:06 | Build | House |
| 18:26 | Create | Skirmisher |
| 18:26 | Create | Skirmisher |
| 18:28 | Create | Villager (Male) |
| 18:41 | Create | Fishing Ship |
| 18:44 | Create | Fishing Ship |
| 18:45 | Create | Fishing Ship |
| 19:07 | Create | Villager (Male) |
| 19:08 | Create | Fishing Ship |
| 19:16 | Build | House |
| 19:16 | Build | House |
| 19:18 | Create | Villager (Male) |
| 19:25 | Build | Palisade Wall |
| 19:26 | Build | Palisade Wall |
| 19:28 | Build | Dock |
| 19:32 | Create | Villager (Male) |
| 19:41 | Create | Skirmisher |
| 19:46 | Build | Archery Range |
| 19:56 | Create | Villager (Male) |
Match timeline
| 1:23 | DS_StonePleaseAoE · first_building Barracks |
| 3:47 | Gabi · first_building Dock |
| 4:36 | Gabi · wall_segment Palisade Wall x1 |
| 5:17 | Gabi · wall_segment Palisade Wall x2 |
| 6:03 | Gabi · wall_segment Palisade Wall x1 |
| 6:04 | Gabi · wall_segment Palisade Wall x1 |
| 6:17 | Gabi · wall_segment Palisade Wall x1 |
| 6:30 | Gabi · wall_segment Palisade Wall x1 |
| 6:33 | Gabi · wall_segment Palisade Wall x1 |
| 6:37 | Gabi · wall_segment Palisade Wall x4 |
| 6:57 | Gabi · wall_segment Palisade Wall x5 |
| 7:07 | DS_StonePleaseAoE · first_building Dock |
| 7:09 | Gabi · wall_segment Palisade Wall x1 |
| 9:05 | DS_StonePleaseAoE · wall_segment Palisade Wall x4 |
| 9:13 | DS_StonePleaseAoE · wall_segment Palisade Wall x1 |
| 9:28 | Gabi · first_building Barracks |
| 9:32 | Gabi · wall_segment Palisade Wall x1 |
| 9:34 | Gabi · wall_segment Palisade Wall x1 |
| 9:43 | Gabi · wall_segment Palisade Wall x1 |
| 9:45 | Gabi · wall_segment Palisade Wall x1 |
| 9:46 | DS_StonePleaseAoE · wall_segment Palisade Wall x1 |
| 9:48 | Gabi · wall_segment Palisade Wall x1 |
| 9:49 | Gabi · wall_segment Palisade Wall x1 |
| 10:21 | Gabi · age_up feudal |
| 10:30 | Gabi · first_building Archery Range |
| 10:35 | DS_StonePleaseAoE · age_up feudal |
| 10:45 | Gabi · wall_segment Palisade Wall x1 |
| 10:46 | Gabi · wall_segment Palisade Wall x1 |
| 10:48 | Gabi · wall_segment Palisade Wall x1 |
| 11:14 | DS_StonePleaseAoE · first_building Archery Range |
| 11:22 | DS_StonePleaseAoE · wall_segment Palisade Wall x13 |
| 11:50 | Gabi · wall_segment Palisade Wall x1 |
| 11:55 | DS_StonePleaseAoE · wall_segment Palisade Wall x5 |
| 12:18 | Gabi · wall_segment Palisade Wall x1 |
| 12:41 | Gabi · wall_segment Palisade Wall x2 |
| 13:06 | DS_StonePleaseAoE · wall_segment Palisade Wall x1 |
| 13:06 | DS_StonePleaseAoE · wall_segment Palisade Wall x1 |
| 13:18 | DS_StonePleaseAoE · wall_segment Palisade Wall x1 |
| 13:30 | DS_StonePleaseAoE · wall_segment Palisade Wall x4 |
| 13:52 | DS_StonePleaseAoE · wall_segment Palisade Wall x1 |
| 14:01 | DS_StonePleaseAoE · wall_segment Palisade Wall x20 |
| 14:54 | DS_StonePleaseAoE · wall_segment Palisade Wall x8 |
| 14:56 | DS_StonePleaseAoE · wall_segment Palisade Wall x5 |
| 16:14 | Gabi · first_market_sell 100 wood |
| 16:15 | Gabi · first_market_buy 100 food |
| 18:57 | DS_StonePleaseAoE · first_market_buy 100 food |
| 18:58 | DS_StonePleaseAoE · first_market_sell 100 wood |
| 19:25 | DS_StonePleaseAoE · wall_segment Palisade Wall x1 |
| 19:26 | DS_StonePleaseAoE · wall_segment Palisade Wall x1 |
| 20:01 | Gabi · age_up castle |
| 20:09 | DS_StonePleaseAoE · resign |
[ AI ANALYSIS · 1 CREDIT ]
What really happened in this match?
Wolo.gg analyzes every decision: build order, eco, micro, common mistakes by bracket. Personalized analysis on WhatsApp or Discord in 30 seconds.
Civ guide
Slavs
Perfil
Jugador #2444511